 Dungeon Crawl Stone Soup version 0.27-a0-1090-gb115f176c6 (console) character file.

Game seed: 12164653782624599467

16 nht the Digger (level 2, 19/19 HPs)
             Began as a Demonspawn Earth Elementalist on Apr 27, 2021.
             Quit the game on level 1 of the Dungeon.
             The game lasted 00:00:57 (353 turns).

nht the Digger (Demonspawn Earth Elementalist)       Turns: 353, Time: 00:00:57

Health: 19/19      AC:  3    Str:  8    XL:     2   Next: 41%
Magic:  0/5        EV: 12    Int: 16    God:
Gold:   13         SH:  4    Dex: 13    Spells: 4/5 levels left

rFire    . . .     SeeInvis .   (no weapon)
rCold    . . .     Faith    .   (no shield)
rNeg     . . .     Spirit   .   c - +0 robe
rPois    .         Reflect  .   (no helmet)
rElec    .         Harm     .   (no cloak)
rCorr    .         Rampage  .   (no gloves)
Will     .....                  e - +0 pair of boots
Stlth    ++........             (no amulet)
HPRegen  0.06/turn              (no ring)
MPRegen  0.09/turn              (no ring)

@: no status effects
A: condensation shield
a: no special abilities


You were on level 1 of the Dungeon.
You visited 1 branch of the dungeon, and saw 2 of its levels.

You collected 13 gold pieces.

Inventory:

Missiles
 b - 17 stones
Armour
 c - a +0 robe (worn)
 e - a +0 pair of boots (worn)
Scrolls
 a - a scroll of brand weapon {unknown}
 d - a scroll of teleportation {unknown}


   Skills:
 - Level 1.7 Dodging
 - Level 1.7 Stealth
 - Level 2.0 Spellcasting
 - Level 0.8 Transmutations
 + Level 3.5 Earth Magic


You had 4 spell levels left.
You knew the following spells:

 Your Spells              Type           Power      Damage    Failure   Level
a - Sandblast             Erth           24%        2d8       4%          1

Your spell library contained the following spells:

 Spells                   Type           Power      Damage    Failure   Level
 Passwall                 Tmut/Erth      6%         N/A       13%         2
 Beastly Appendage        Tmut           8%         N/A       14%         1
 Wereblood                Tmut           4%         N/A       22%         2
 Stone Arrow              Conj/Erth      14%        3d7       30%         3
 Spider Form              Tmut/Pois      1%         N/A       45%         3
 Petrify                  Tmut/Erth      8%         N/A       63%         4
 Ice Form                 Ice/Tmut       2%         N/A       86%         4
 Lee's Rapid Deconstruct  Erth           6%         3d7*      80%         5
 Hydra Form               Tmut           2%         N/A       99%         5


Dungeon Overview and Level Annotations

Branches:
Dungeon (2/15)

Altars:


Innate Abilities, Weirdness & Mutations

A meltable shield of frost defends you. (SH +4)


Message History

Your magical contamination has completely faded away.
A ball python comes into view.
You see here 6 gold pieces.
You now have 13 gold pieces (gained 6).
The ball python hisses angrily.
There is a stone staircase leading up here.
An adder comes into view.
The blast of sand hits the giant cockroach.
The giant cockroach is moderately wounded.
The adder hisses angrily.
You climb upwards.
There is a stone staircase leading down here.
Magic restored.
Things that are here:
a +0 dagger; a goblin corpse A kobold comes into view.
It is wielding a +0 whip.
A gnoll comes into view. It is wielding a +0 club.
The gnoll shouts!
The blast of sand hits the gnoll.
The gnoll is moderately wounded.
The kobold shouts!
A rat comes into view.
A kobold comes into view. It is wielding a +0 dagger.
The blast of sand misses the gnoll.
The kobold shouts!
You miscast Sandblast.
You are very lightly contaminated with residual magic.
Nothing appears to happen.
The gnoll hits you with a +0 club.
Your magical contamination has completely faded away.
You aren't carrying any potions.
The blast of sand hits the kobold.
You kill the kobold!
The blast of sand hits the gnoll.
The gnoll is severely wounded.
The blast of sand hits the gnoll.
You kill the gnoll!
You have reached level 2!
Your demonic ancestry asserts itself...
Frost condenses into a shield before you.
Are you sure you want to abandon this character and quit the game? (Confirm with "yes".)

█.................█████
████...██████.........█
███....█ ██.████...█
████.██ █.████...█
█████████..███...██....
█....r.K..............█
██K████████...██.██....
█..r..█ ███....██..>█


█████@██ ███..███.██ █..█ █..███.█ █████.████████.....█ █..........███.███..
█....█████...█..██.. ████.█............... █.......█.██████. ███.███......██
█..█ ██████..████ You could see a kobold and a rat.

Vanquished Creatures
  A gnoll (D:1)
  A goblin (D:1)
  2 kobolds (D:1)
  A ball python (D:1)
  3 rats
8 creatures vanquished.

Notes
Turn   | Place    | Note
-------+----------+-------------------------------------------
     0 | D:1      | nht the Demonspawn Earth Elementalist began the quest for
                  | the Orb.
     0 | D:1      | Reached XP level 1. HP: 13/13 MP: 3/3
   250 | D:1      | Reached skill level 3 in Earth Magic
   352 | D:1      | Gained mutation: A meltable shield of frost defends you.
                  | (SH +4) [demonic ancestry]
   352 | D:1      | Reached XP level 2. HP: 19/19 MP: 0/5
   353 | D:1      | Quit the game

Illustrated notes

Levels and vault maps discovered:
D:1:      onia_arrival_mini_maze, layout_rooms
D:2:      layout_basic, basic_altar, ebering_ecumenical_altar_sacrificial

Skill      XL: |  1 |
---------------+----+-----
Earth Magic    | 3 |  3.5
Dodging        | |  1.7
Stealth        | |  1.7
Spellcasting   | |  2.0
Transmutations | |  0.8

Action                   || total
-------------------------++-------
 Cast: Sandblast         ||    13

Table legend: (Time is in decaauts)
 A = Elapsed time spent in this place.
 B = Non-inter-level travel time spent in this place.
 C = Inter-level travel time spent in this place.
 D = Time resting spent in this place.
 E = Time spent auto-exploring this place.
 F = Levels seen in this place.
 G = Mean time per level.
                   A        B        C        D        E       F      G
               +--------+--------+--------+--------+--------+-----+--------+
         Total |    353 |    342 |     11 |      0 |    249 |   2 |  176.5 |
       Dungeon |    353 |    342 |     11 |      0 |    249 |   2 |  176.5 |
               +--------+--------+--------+--------+--------+-----+--------+

Top non-repeatable levels by time:
     D:1: 333 daAuts
     D:2: 19 daAuts
